 Dungeon Crawl Stone Soup version 0.27.0-1-g7a089689b8 (webtiles) character file.

Game seed: 678841799630376479

139 Krom the Covered (level 5, 0/46 HPs)
             Began as a Minotaur Fighter on Aug 14, 2021.
             Killed from afar by Sigmund (1 damage)
             ... with a magic dart
             ... on level 3 of the Dungeon.
             The game lasted 00:05:44 (2018 turns).

Krom the Covered (Minotaur Fighter)                 Turns: 2018, Time: 00:05:44

Health: 0/46       AC:  8    Str: 21    XL:     5   Next: 1%
Magic:  4/4        EV:  8    Int:  5    God:
Gold:   109        SH:  0    Dex: 10    Spells: 4/4 levels left

rFire    . . .     SeeInvis .   r - +0 hand axe
rCold    . . .     Faith    .   c - +0 kite shield
rNeg     . . .     Spirit   .   b - +0 scale mail
rPois    .         Reflect  .   (helmet restricted)
rElec    .         Harm     .   (no cloak)
rCorr    .         Rampage  .   (no gloves)
Will     .....                  t - +0 pair of boots
Stlth    ..........             (no amulet)
HPRegen  0.15/turn              (no ring)
MPRegen  0.09/turn              (no ring)

@: confused
A: horns 2, retaliatory headbutt
a: no special abilities


You were on level 3 of the Dungeon.
You visited 1 branch of the dungeon, and saw 3 of its levels.

You collected 109 gold pieces.

Inventory:

Hand Weapons
 a - a +0 war axe
 h - a +1 dagger of draining
 r - a +0 hand axe (weapon)
Missiles
 e - 162 stones
 f - 32 poisoned darts (quivered)
Armour
 b - a +0 scale mail (worn)
 c - a +0 kite shield (worn)
 t - a +0 pair of boots (worn)
Scrolls
 g - a scroll of enchant armour {unknown}
 i - a scroll of brand weapon {unknown}
 m - 2 scrolls of teleportation {unknown}
 o - a scroll of blinking {unknown}
 q - a scroll of identify {unknown}
 s - a scroll of fear {unknown}
Potions
 d - a potion of might
 j - 2 potions of curing {unknown}
 k - a potion of lignification {unknown}
 l - 2 potions of invisibility {unknown}
 n - a potion of brilliance {unknown}
 p - a potion of resistance {unknown}


   Skills:
 + Level 4.1 Fighting
 + Level 4.0 Axes
 + Level 4.4 Armour
 * Level 2.3 Dodging
 + Level 4.2 Shields


You had 4 spell levels left.
You didn't know any spells.
Your spell library contained the following spells:

 Spells                   Type           Power      Damage    Failure   Level
 Inner Flame              Hex/Fire       0%         N/A       100%        3
 Cause Fear               Hex            0%         N/A       100%        4
 Discord                  Hex            0%         N/A       100%        8


Dungeon Overview and Level Annotations

Branches:
Dungeon (3/15)

Altars:

Shops:
D:1 (

Annotations:
D:3 Sigmund


Innate Abilities, Weirdness & Mutations

You have a pair of horns on your head.
You reflexively headbutt those who attack you in melee.


Message History

Sigmund is severely wounded.
Sigmund hits you with a +0 scythe!
You barely miss Sigmund.
Sigmund is severely wounded.
You block Sigmund's attack. x2
You barely miss Sigmund.
Sigmund is severely wounded.
Sigmund casts a spell at you.
You are confused.
Sigmund says, "I'm your fate." Sigmund gestures at you while chanting.
You are more confused.
You bump into the rock wall.
Sigmund hits you from afar with a +0 scythe!
* * * LOW HITPOINT WARNING * * *
Sigmund closely misses you.
You hit Sigmund.
Sigmund is severely wounded.
Sigmund hits you but does no damage.
You miss Sigmund.
Sigmund is severely wounded.
Sigmund barely misses you. Sigmund hits you with a +0 scythe.
* * * LOW HITPOINT WARNING * * *
Sigmund barely misses you.
Sigmund points at you and mumbles some strange words.
The magic dart hits you.
* * * LOW HITPOINT WARNING * * *
You hit Sigmund.
Sigmund is almost dead.
Sigmund points at you and mumbles some strange words.
The magic dart hits you.
* * * LOW HITPOINT WARNING * * *
You bump into the rock wall.
Sigmund hits you with a +0 scythe.
* * * LOW HITPOINT WARNING * * *
You bump into the rock wall.
Sigmund gestures at you while chanting.
You are more confused.
Sigmund gestures at you while chanting. The magic dart hits you.
You die...

####.............#
#...............<#
.....#
..###............#
.....#
..##.............#
.....#
..................
.....#
.................#
.....#
#.....#####.....@# .....
....#....## # #.##..#
###....#..#### #@)..##
#####..).....#####...###
.####.#####............#
...##.# ##.....†####.#
##.##.######...##.####.#
#........<....##......#
#..........############
#....÷.....#
##..........#


You could see Sigmund.

Vanquished Creatures
  Natasha (thrice) (D:2)
  A howler monkey zombie (D:3)
  A dart slug (D:2)
  2 orcs (D:3)
  4 endoplasms
  3 goblins
  2 hobgoblins (D:2)
  3 jackals (D:1)
  6 quokkas
  5 ball pythons
  2 bats (D:1)
  2 frilled lizards (D:1)
  11 kobolds
  5 rats
50 creatures vanquished.

Notes
Turn   | Place    | Note
-------+----------+-------------------------------------------
     0 | D:1      | Krom the Minotaur Fighter began the quest for the Orb.
     0 | D:1      | Reached XP level 1. HP: 19/19 MP: 0/0
   173 | D:1      | Reached XP level 2. HP: 22/27 MP: 1/1
   469 | D:1      | Reached skill level 1 in Dodging
   646 | D:1      | Found Xugerut's Antique Weapon Emporium.
  1005 | D:2      | Reached XP level 3. HP: 27/33 MP: 2/2
  1124 | D:2      | Noticed Natasha
  1132 | D:2      | Killed Natasha
  1132 | D:2      | Noticed Natasha
  1137 | D:2      | Killed Natasha
  1138 | D:2      | Reached XP level 4. HP: 15/40 MP: 3/3
  1334 | D:2      | Noticed Natasha
  1346 | D:2      | Killed Natasha
  1994 | D:3      | Reached XP level 5. HP: 46/46 MP: 4/4
  1996 | D:3      | Noticed Sigmund
  2015 | D:3      | HP: 2/46 [Sigmund/magic dart (6)]
  2018 | D:3      | Killed from afar by Sigmund

Illustrated notes

Levels and vault maps discovered:
D:1:      dpeg_arrival_rooms_b, layout_loops_ring, serial_shops,
          nicolae_square_shop, chequers_serial_rivers_room_a
D:2:      layout_rooms, hangedman_decor_points, uniq_natasha
D:3:      layout_rooms, nicolae_overflow_hidden_temple,
          kennysheep_generic_room_11, uniq_sigmund

Skill      XL: |  1  2  3  4 |
---------------+-------------+-----
Fighting       | 4 |  4.1
Dodging        | 1 2 |  2.3
Armour         | 4 |  4.4
Shields        | 4 |  4.2
Axes           | 3 4 |  4.0

Action                   |  1- 3 |  4- 6 || total
-------------------------+-------+-------++-------
Melee: War axe           |    88 |    22 ||   110
       Headbutt          |    14 |     8 ||    22
       Hand axe          |       |    21 ||    21
Throw: Dart              |       |     2 ||     2
Armor: Scale mail        |    33 |    12 ||    45
Dodge: Dodged            |    27 |     8 ||    35
Block: Kite shield       |    55 |    16 ||    71
